 Dungeon Crawl Stone Soup version 0.17.0-18-gaab0e96 (webtiles) character file.

16 JudasIscariot the Skirmisher (level 2, 0/27 HPs)
             Began as a Ghoul Abyssal Knight on Nov 12, 2015.
             Was a Believer of Lugonu.
             Slain by an adder (4 damage)
             ... on level 2 of the Dungeon.
             The game lasted 00:02:45 (881 turns).

JudasIscariot the Skirmisher (Ghoul Abyssal Knight)  Turns: 881, Time: 00:02:45

Health: 0/27       AC:  3    Str: 15    XL:     2   Next: 58%
Magic:  2/2        EV: 11    Int:  7    God:    Lugonu [**....]
Gold:   108        SH:  0    Dex:  8    Spells: 0 memorised, 1 level left

rFire  . . .     SeeInvis .     a - +1 mace
rCold  + . .     Clarity  .     b - +0 leather armour
rNeg   + + +     SustAt   .     (no shield)
rPois  ∞         Gourm    .     (no helmet)
rElec  .         Spirit   .     (no cloak)
rCorr  .         Warding  .     (no gloves)
rMut   .         Stasis   .     (no boots)
MR     .....                    (no amulet)
Stlth  +.........               (no ring)
                                (no ring)

@: rotting, not resistant to hostile enchantments, very unstealthy
A: rotting body, claws 1, carnivore 3, cold resistance 1, negative energy
resistance 3, slow regeneration 1, torment resistance, unbreathing
a: Depart the Abyss, Bend Space, Renounce Religion


You were on level 2 of the Dungeon.
You worshipped Lugonu.
Lugonu was pleased with you.
You were not hungry.

You visited 1 branch of the dungeon, and saw 2 of its levels.
You visited the Abyss 1 time.

You collected 108 gold pieces.

Inventory:

Hand Weapons
 a - a +1 mace (weapon)
Armour
 b - a +0 leather armour (worn)
Jewellery
 i - an uncursed amulet of the gourmand {unknown}
 k - an uncursed ring of ice {unknown}
Scrolls
 d - a scroll of immolation {unknown}
 g - a scroll of fear {unknown}
 h - 2 scrolls of identify {unknown}
 j - a scroll of enchant weapon {unknown}
 m - a scroll of teleportation {unknown}
 n - a scroll of random uselessness {unknown}
 p - a scroll of magic mapping {unknown}
Potions
 e - a potion of might {unknown}
 f - a potion of heal wounds {unknown}
 o - a potion of flight {unknown}
Comestibles
 c - a meat ration
 l - a slice of pizza


   Skills:
 * Level 3.8 Fighting
 * Level 2.0 Maces & Flails
 * Level 2.0 Armour
 + Level 0.8 Dodging
 * Level 2.0 Invocations


You had one spell level left.
You didn't know any spells.

Dungeon Overview and Level Annotations

Branches:
Dungeon (2/15)

Altars:


Innate Abilities, Weirdness & Mutations

Your body is rotting away.
You thrive on raw meat.
You are immune to poison.
You have sharp fingernails.
You are carnivorous and can eat meat at any time.
Your flesh is cold resistant.
You are immune to negative energy.
You regenerate slowly when monsters are visible.
You are immune to unholy pain and torment.
You can survive without breathing.


Message History

The hobgoblin is heavily wounded.
The adder bites you. The hobgoblin hits you with a club. The adder misses you.
The hobgoblin hits you with a club.
You closely miss the hobgoblin.
The hobgoblin is heavily wounded.
The adder bites you. The adder barely misses you.
The hobgoblin hits you but does no damage.
You hit the hobgoblin.
You kill the hobgoblin!
Lugonu accepts your kill.
You can now bend space around yourself.
Your Armour skill increases to level 2!
The adder bites you.
* * * LOW HITPOINT WARNING * * *
The adder bites you.
* * * LOW HITPOINT WARNING * * *
You closely miss the adder. The adder closely misses you.
You hit the adder.
The adder is severely wounded.
The adder bites you.
You die...

.. #. .# #.# #.#
####.. #.# ......#
#.# #⌠#....##.#
.#......#.#
......S@..##
......)#...#
.......##..##
............#
≈≈≈≈≈.......#
####≈≈......##
##≈.....#.#########
#≈....#⌠..........
#≈.....#..........


You could see an adder.

Vanquished Creatures
  A giant cockroach (D:1)
  6 hobgoblins
  2 kobolds (D:1)
  A bat (D:2)
  A giant newt (D:1)
  A goblin (D:1)
  4 rats
16 creatures vanquished.

Vanquished Creatures (others)
  4 toadstools (D:1)
4 creatures vanquished.

Grand Total: 20 creatures vanquished

Notes
Turn   | Place    | Note
--------------------------------------------------------------
     0 | Abyss:1  | JudasIscariot the Ghoul Abyssal Knight began the quest for the Orb.
     0 | Abyss:1  | Reached XP level 1. HP: 19/19 MP: 1/1
    21 | D:1      | Escaped the Abyss
   243 | D:1      | Reached XP level 2. HP: 22/27 MP: 2/2
   879 | D:2      | Reached ** piety under Lugonu
   881 | D:2      | Slain by an adder

Action                   || total
-------------------------++-------
Melee: Mace              ||    48
  Eat: Chunk             ||    14
